 Dungeon Crawl Stone Soup version 0.19-a0-594-g235f30c (webtiles) character file.

746 TheGoonsmith the Grappler (level 7, -1/66 HPs)
             Began as a Troll Monk on June 10, 2016.
             Succumbed to a water moccasin's poison
             ... on level 6 of the Dungeon.
             The game lasted 00:06:22 (3757 turns).

TheGoonsmith the Grappler (Troll Monk)              Turns: 3757, Time: 00:06:23

Health: -1/66      AC:  6    Str: 20    XL:     7   Next: 48%
Magic:  6/6        EV: 10    Int:  6    God:
Gold:   300        SH:  0    Dex: 14    Spells: 0 memorised, 6 levels left

rFire  . . .     SeeInvis .       - Unarmed
rCold  . . .     Gourm    +     a - +1 robe
rNeg   . . .     Faith    .     (no shield)
rPois  .         Spirit   .     (helmet restricted)
rElec  .         Dismiss  .     (no cloak)
rCorr  .         Reflect  .     (gloves unavailable)
SustAt .         Harm     .     (boots unavailable)
MR     .....                    (no amulet)
Stlth  ++........               (no ring)
                                (no ring)

@: lethally poisoned (-1 -> -7), not resistant to hostile enchantments,
unstealthy
A: unfitting armour, claws 3, fast metabolism 3, gourmand, regeneration 2,
shaggy fur 1, tough skin 2
a: no special abilities


You were on level 6 of the Dungeon.
You were full.

You visited 1 branch of the dungeon, and saw 6 of its levels.

You collected 300 gold pieces.

Inventory:

Missiles
 e - 2 large rocks (quivered)
 g - 112 stones
 l - 2 throwing nets
 o - 7 tomahawks
 y - 7 javelins
Armour
 a - a +1 robe (worn)
Jewellery
 p - an uncursed ring of fire
 C - the amulet of Mysticism {Inacc rPois Stlth+}
   (You found it on level 5 of the Dungeon)

   [amulet of inaccuracy]

   It reduces the accuracy of all your attacks.
   It protects you from poison.
   It makes you more stealthy.
 F - an uncursed ring of resist corrosion {unknown}
 G - an uncursed amulet of rage {unknown}
Wands
 k - a wand of random effects (23/48)
 x - a wand of iceblast (9/15)
 E - a wand of random effects (14/48)
Scrolls
 c - 4 scrolls of remove curse
 f - 2 scrolls of magic mapping
 q - a scroll of fear
 r - a scroll of identify
 t - a scroll of teleportation
 A - a scroll of enchant weapon
Potions
 h - 5 potions of curing
 i - a potion of cancellation {unknown}
 s - a potion of mutation {unknown}
 u - 2 potions of flight
 v - a potion of agility {unknown}
 w - 2 potions of resistance
 z - a potion of heal wounds {unknown}
 B - 4 potions of invisibility {unknown}
 D - 2 potions of might {unknown}
 H - a potion of lignification {unknown}
Comestibles
 b - 6 bread rations
 d - 3 fruits
 j - a royal jelly
 m - a beef jerky
 n - 4 meat rations


   Skills:
 - Level 2.4 Fighting
 - Level 2.4 Dodging
 - Level 1.1 Stealth
 + Level 9.3 Unarmed Combat


You had 6 spell levels left.
You didn't know any spells.

Dungeon Overview and Level Annotations

Branches:
Dungeon (6/15)
 Temple: D:4-7

Altars:
Cheibriados
Gozag
Nemelex Xobeh
Ru
Sif Muna
Uskayaw
Xom
The Shining One

Shops:
D:4 :


Innate Abilities, Weirdness & Mutations

You are too large for most types of armour.
You have claws for hands.
Your metabolism is lightning-fast.
You like to eat raw meat.
You heal very quickly.
You are covered in fur. (AC +1)
You have very tough skin. (AC +2)


Message History

You closely miss the ogre. You scratch the ogre.
The ogre is moderately wounded.
The ogre hits you with a giant club!!
* * * LOW HITPOINT WARNING * * *
You are too injured to fight recklessly!
The water moccasin bites you.
* * * LOW HITPOINT WARNING * * *
You are poisoned.
The water moccasin poisons you!
You feel sick.
You feel sick.
You feel sick. The water moccasin bites you.
* * * LOW HITPOINT WARNING * * *
You feel sick. The water moccasin bites you.
* * * LOW HITPOINT WARNING * * *
You are more poisoned.
The water moccasin poisons you!
You die...

##...........##
........#.....#
##............#
##...###.....#..
#.## #.........
#.####..#.#.#..
##.#>.SO.....# .
#...<.####.....
#..#@.# ..<###
#...............#
#.##.#...###....#
# # ....# .##
##..## ...# .....
.....


You could see a water moccasin and an ogre.

Vanquished Creatures
  2 sky beasts (D:5)
  Blork the orc (D:5)
  2 hounds (D:4)
  An orc priest (D:5)
  A giant frog skeleton (D:4)
  An iguana (D:4)
  6 worker ants
  A howler monkey skeleton (D:4)
  9 adders
  A shadow imp (D:5)
  An ooze (D:2)
  8 worms
  7 giant geckos
  2 orcs (D:5)
  2 ball pythons
  6 giant cockroaches
  6 goblins
  5 hobgoblins
  4 jackals
  7 kobolds
  7 quokkas
  10 bats
  A giant gecko zombie (D:5)
  4 giant newts
  8 rats
103 creatures vanquished.

Notes
Turn   | Place    | Note
--------------------------------------------------------------
     0 | D:1      | TheGoonsmith the Troll Monk began the quest for the Orb.
     0 | D:1      | Reached XP level 1. HP: 22/22 MP: 0/0
   610 | D:1      | Reached XP level 2. HP: 29/29 MP: 1/1
   945 | D:2      | Found a shimmering altar of Xom.
  1008 | D:2      | Found a snail-covered altar of Cheibriados.
  1134 | D:2      | Reached skill level 5 in Unarmed Combat
  1134 | D:2      | Reached XP level 3. HP: 36/36 MP: 2/2
  1693 | D:3      | Reached XP level 4. HP: 40/44 MP: 3/3
  1777 | D:3      | Found a sacrificial altar of Ru.
  1921 | D:3      | Reached skill level 6 in Unarmed Combat
  2058 | D:3      | Found a glowing golden altar of the Shining One.
  2236 | D:3      | Reached XP level 5. HP: 48/50 MP: 4/4
  2399 | D:4      | Found a hide-covered altar of Uskayaw.
  2520 | D:4      | Reached skill level 7 in Unarmed Combat
  2530 | D:4      | Reached XP level 6. HP: 51/59 MP: 5/5
  2596 | D:4      | Found Xycu's Book Shoppe.
  2628 | D:4      | Found a deep blue altar of Sif Muna.
  2997 | D:5      | Entered Level 5 of the Dungeon
  3043 | D:5      | Got a faintly glowing sapphire amulet
  3044 | D:5      | Identified the amulet of Mysticism {Inacc rPois Stlth+} (You found it on level 5 of the Dungeon)
  3218 | D:5      | Reached skill level 8 in Unarmed Combat
  3274 | D:5      | Noticed a sky beast
  3281 | D:5      | Killed a sky beast
  3281 | D:5      | Reached XP level 7. HP: 28/66 MP: 6/6
  3369 | D:5      | Reached skill level 9 in Unarmed Combat
  3462 | D:5      | Found a sparkling altar of Nemelex Xobeh.
  3463 | D:5      | Found an opulent altar of Gozag.
  3505 | D:5      | Noticed Blork the orc
  3510 | D:5      | Killed Blork the orc
  3756 | D:6      | HP: 1/66 [water moccasin (6)]
  3757 | D:6      | Succumbed to a water moccasin's poison

Vault maps used:
D:1:      dpeg_arrival_pond, item_on_display_b
D:2:      kennysheep_six_static_rooms, xom_butterflies, cheibriados_altar_1,
          first_bread, minmay_misc_feat_rugged
D:3:      lemuel_coloured_pillars_altar, marbit_many_paths
D:4:      eat_drink_and_be_merry_uskayaw, nicolae_overflow_crystal_walls,
          serial_shops, shop, kennysheep_generic_room_8
D:5:      grunt_temple_overflow_opulence, st_stairs_8, grunt_ministairs_10,
          uniq_blork_the_orc
D:6:      lemuel_doored_altar, nicolae_ossuary_entry_catacombs,
          trog_three_pillars_becter

Skill      XL: |  1  2  3  4  5  6  7 |
---------------+----------------------+-----
Unarmed Combat | 5 6 7 8 9 |  9.3
Fighting       | |  2.4
Dodging        | |  2.4
Stealth        | |  1.1

Action                   |  1- 3 |  4- 6 |  7- 9 || total
-------------------------+-------+-------+-------++-------
Melee: Unarmed           |   104 |   168 |    34 ||   306
       Punch             |     1 |     2 |     3 ||     6
  Use: Scroll            |       |    12 |       ||    12
 Stab: Sleeping          |     2 |     3 |       ||     5
  Eat: Chunk             |    21 |    11 |     5 ||    37
Armor: Robe              |    31 |    37 |     9 ||    77
Dodge: Dodged            |    44 |    75 |    12 ||   131
